 Dungeon Crawl Stone Soup version 0.19.1-1-g22dce08 (webtiles) character file.

287443 galech the Hoplite (level 20, -11/133 HPs)
             Began as a Gargoyle Fighter on Jan 18, 2017.
             Was the Champion of Okawaru.
             Mangled by an enormous slime creature (18 damage)
             ... on level 1 of the Pits of Slime on Jan 19, 2017.
             The game lasted 02:40:39 (42063 turns).

galech the Hoplite (Gargoyle Fighter)              Turns: 42063, Time: 02:40:40

Health: -11/133    AC: 51    Str: 23    XL:     20   Next: 66%
Magic:  27/27      EV: 13    Int: 20    God:    Okawaru [******]
Gold:   1618       SH:  0    Dex: 24    Spells: 0 memorised, 19 levels left

rFire  . . .     SeeInvis .     j - +11 flail "Kodobr Tutae" {protect, +Blink Dex+4}
rCold  + . .     Gourm    .     a - +2 chain mail "Baocvav" {rCorr Int+2}
rNeg   + . .     Faith    .     C - +0 large shield
rPois  ∞         Spirit   .     (helmet restricted)
rElec  +         Reflect  +     p - +3 cloak "Bofannune" {Int+2 Dex+3}
rCorr  +         Harm     .     H - +2 pair of gloves of Dim Light {rElec Int+5}
MR     ++...                    X - +1 pair of boots {Fly}
Stlth  ..........               Z - +3 amulet of reflection
                                J - ring of protection from fire
                                m - ring of Modesty {Ice rElec MR+ Slay+3}

@: confused, protection aura, flying, studying Translocations
A: big wings, horns 1, yellow scales 1, agile 1, blink, blurry vision 1,
mutation resistance 1, negative energy resistance 1, electricity resistance,
strong 1, unbreathing, petrification resistance, rot immunity, MP-powered wands,
sturdy frame 2, AC +15
a: Stop Flying, Blink, Heroism, Finesse, Renounce Religion, Evoke Blink
}: 2/15 runes: decaying, serpentine


You were on level 1 of the Pits of Slime.
You worshipped Okawaru.
Okawaru was exalted by your worship.
You were not hungry.

You visited 9 branches of the dungeon, and saw 35 of its levels.
You visited the Abyss 1 time.
You also visited: Ice Cave and Wizlab.

You collected 3368 gold pieces.
You spent 1750 gold pieces at shops.

Inventory:

Hand Weapons
 e - the +5 mace of the King {holy, *Noise rN++ SInv}
   (You found it on level 1 of the Lair of Beasts)

   It has been blessed by the Shining One to cause great damage to the undead
   and demons.
   It greatly protects you from negative energy.
   It lets you see invisible.
   It may make noises in combat.
 j - the +11 flail "Kodobr Tutae" (weapon) {protect, +Blink Dex+4}
   (Okawaru gifted it to you on level 6 of the Lair of Beasts)

   It protects the one who uses it against injury (+AC on strike).
   It affects your dexterity (+4).
   It lets you blink.
 l - the +12 great mace "Natuts" {flame, -Tele Str+8}
   (You bought it in a shop on level 12 of the Dungeon)

   It has been specially enchanted to burn those struck by it, causing extra
   injury to most foes and up to half again as much damage against particularly
   susceptible opponents.
   It affects your strength (+8).
   It prevents most forms of teleportation.
 A - the +7 mace of Fury {venom, Str+3 Stlth+}
   (You found it on level 5 of the Dungeon)

   It poisons the flesh of those it strikes.
   It affects your strength (+3).
   It makes you more stealthy.
 F - a +7 eveningstar of crushing
 U - a +3 morningstar of draining
Armour
 a - the +2 chain mail "Baocvav" (worn) {rCorr Int+2}
   (You found it on level 1 of the Elven Halls)

   It affects your intelligence (+2).
   It protects you from acid and corrosion.
 p - the +3 cloak "Bofannune" (worn) {Int+2 Dex+3}
   (You found it in a wizard's laboratory)

   It affects your intelligence (+2).
   It affects your dexterity (+3).
 r - the +11 plate armour of Nuozifesm {Int+2 SInv}
   (You bought it in a shop on level 8 of the Dungeon)

   It affects your intelligence (+2).
   It lets you see invisible.
 s - the +2 cloak of the Stag {rElec rF+}
   (You found it in a wizard's laboratory)

   It protects you from fire.
   It insulates you from electricity.
 C - a +0 large shield (worn)
 E - a +2 plate armour of fire resistance
 H - the +2 pair of gloves of Dim Light (worn) {rElec Int+5}
   (You bought it in a shop on level 8 of the Dungeon)

   It affects your intelligence (+5).
   It insulates you from electricity.
 L - the -7 shield of Paupexycwi {rN+++ Str+5 Dex-4}
   (Okawaru gifted it to you on level 2 of the Snake Pit)

   It affects your strength (+5).
   It affects your dexterity (-4).
   It renders you almost immune to negative energy.
 X - a +1 pair of boots of flying (worn)
Jewellery
 m - the ring of Modesty (left hand) {Ice rElec MR+ Slay+3}
   (You found it in an ice cave)

   [ring of ice]

   It enhances your ice magic.
   It affects your accuracy and damage with ranged weapons and melee attacks
   (+3).
   It makes you vulnerable to fire.
   It protects you from cold.
   It insulates you from electricity.
   It affects your resistance to hostile enchantments.
 w - an uncursed ring of protection from fire
 J - a ring of protection from fire (right hand)
 N - the ring of the Serpent {rElec rC++ rN+ Str-5 SInv}
   (You found it on level 9 of the Dungeon)

   [ring of see invisible]

   It affects your strength (-5).
   It greatly protects you from cold.
   It insulates you from electricity.
   It protects you from negative energy.
   It lets you see invisible.
 Z - a +3 amulet of reflection (around neck)
Wands
 B - a wand of flame (15/48)
 O - a wand of digging (0/24)
Scrolls
 b - 9 scrolls of teleportation
 c - 2 scrolls of brand weapon
 g - 9 scrolls of enchant weapon
 n - 17 scrolls of remove curse
 D - 2 scrolls of fog
 M - a scroll of magic mapping
 P - 5 scrolls of blinking
 T - 7 scrolls of enchant armour
Potions
 d - 7 potions of might
 k - 3 potions of ambrosia
 q - 2 potions of resistance
 t - 5 potions of haste
 u - 3 potions of agility
 x - 18 potions of curing
 z - 3 potions of flight {unknown}
 I - 3 potions of brilliance {unknown}
 K - 4 potions of magic {unknown}
 Q - 9 potions of heal wounds
Books
 y - a manual of Translocations
 Y - a book of Beasts

   Spells                             Type                      Level
   a - Summon Butterflies             Summoning                    1
   b - Call Canine Familiar           Summoning                    3
   c - Summon Ice Beast               Ice/Summoning                4
   d - Summon Mana Viper              Hexes/Summoning              5
   e - Summon Hydra                   Summoning                    7
Comestibles
 f - 11 bread rations
 h - 14 beef jerkies
 i - 18 meat rations
 o - 45 fruits
 G - 7 slices of pizza
 W - 5 royal jellies


   Skills:
 + Level 16.9 Fighting
 + Level 17.9 Maces & Flails
 + Level 18.0 Armour
 + Level 5.6 Dodging
 + Level 4.3 Stealth
 + Level 21.2 Shields
 + Level 0.4 Unarmed Combat
 + Level 10.4 Invocations


You had 19 spell levels left.
You didn't know any spells.

Dungeon Overview and Level Annotations

Branches:
Dungeon (14/15)            Temple (1/1) D:6            Lair (6/6) D:11
  Swamp (4/4) Lair:2        Snake (4/4) Lair:4        Slime (2/5) Lair:6
    Orc (2/2) D:12            Elf (1/3) Orc:2        Vaults (1/5) D:14

Altars:
Cheibriados
Gozag
Makhleb
Okawaru
Sif Muna
Trog
Vehumet
Xom
Yredelemnul
Zin
The Shining One
Beogh

Shops:
D:8 [   D:9 !   D:12 (   Orc:2 =*:   Snake:3 %


Innate Abilities, Weirdness & Mutations

You are resistant to torment.
Your stone body is resilient. (AC +15)
You are immune to poison.
Your large and strong wings let you fly indefinitely.
You resist negative energy. (rN+)
You are resistant to electric shocks. (rElec)
You can survive without breathing.
You are immune to petrification.
You are immune to rotting.
You have a pair of small horns on your head.
You are partially covered in yellow scales. (AC +2)
You are agile. (Dex +2)
You can translocate small distances at will.
Scrolls take you a little longer to read.
You are somewhat resistant to further mutation.
Your muscles are strong. (Str +2)
You expend magic power (3 MP) to strengthen your wands.
Your movements are less encumbered by armour. (ER -4)


Message History

The golden eye blinks at you. You resist with some effort.
The slime creature misses you.
You're too confused!
You are splashed with acid!
The walls burn you! You resist.
* * * LOW HITPOINT WARNING * * *
The slime creature hits you.
* * * LOW HITPOINT WARNING * * *
You bump into the slime covered rock wall.
You are splashed with acid!
The walls burn you! You resist.
* * * LOW HITPOINT WARNING * * *
The enormous slime creature hits you but does no damage.
The slime creature hits you but does no damage.
You bludgeon the shining eye!!
Your weapon exudes an aura of protection.
You headbutt the shining eye.
The shining eye is heavily wounded.
You are splashed with acid!
The walls burn you! You resist.
* * * LOW HITPOINT WARNING * * *
The enormous slime creature hits you!!
You die...

............#..## ### ##.##
................###.###...#
.....##.#......#.........#
.....####...............#
.......##....G........#.##
.........................##
............#.............##
.#.#############JG....#....##
####...#...#...#@J..........##
#.##...#...#...#.............#
...##.###≈###≈##............##
.......≈≈.≈.≈.≈...........###
....≈≈.≈≈≈≈≈.≈..........###.##
....≈..≈≈.≈≈≈......##....#...#
...##≈###.###≈##.........#..#
...#...#...#...#............#
...#...#...#...#............##


You could see an enormous slime creature, a slime creature, a shining eye and a
golden eye.

Vanquished Creatures
  Vashnia (Snake:4)
  4 acid blobs (Slime:1)
  Gastronok (D:9)
  3 thorn hunters
  An eldritch tentacle (WizLab)
  The ghost of Trampli the Severer, an adept HOFi of Beogh (Swamp:4)
  7 nagarajas
  Kirke (Snake:1)
  Roxanne (Elf:1)
  Donald (Lair:2)
  4 vault wardens (Vaults:1)
  An azure jelly (Slime:1)
  An orc warlord (Orc:2)
  Aizul (Snake:2)
  4 ironheart preservers (Vaults:1)
  An entropy weaver (Vaults:1)
  2 yaktaur captains (Vaults:1)
  3 fire dragons (Vaults:1)
  A rakshasa (Vaults:1)
  Harold (Lair:2)
  11 naga warriors
  3 vault guards
  2 ghost crabs
  2 catoblepae
  24 hydras
  2 centaur warriors
  17 anacondas
  An ogre mage (Vaults:1)
  9 alligators
  4 merfolk avatars (Swamp:1)
  A deep troll shaman (Vaults:1)
  A deep troll earth mage (Vaults:1)
  10 dancing weapons (Elf:1)
  A death yak (Lair:6)
  4 orc high priests
  A spriggan berserker (Swamp:4)
  21 naga sharpshooters
  A thrashing horror (WizLab)
  6 shock serpents
  A sun demon (WizLab)
  3 deep elf knights (Elf:1)
  A shadow wraith (Vaults:1)
  9 salamander mystics
  A spriggan druid (Swamp:4)
  A skeletal warrior (Vaults:1)
  5 sea snakes (Snake:3)
  3 deep trolls (Vaults:1)
  13 swamp dragons
  A flayed ghost (Vaults:1)
  3 unseen horrors
  The ghost of dscm the Blocker, a novice GrFi of Uskayaw (D:9)
  An obsidian statue (WizLab)
  5 wizards
  6 naga ritualists
  6 deep elf archers (Elf:1)
  2 glowing orange brains
  6 hill giants
  2 ironbrand convokers (Vaults:1)
  3 shambling mangroves
  4 lindwurms (Snake:4)
  8 orc knights
  5 necromancers
  12 deep elf magi
  11 ugly things
  7 orc sorcerers
  21 mana vipers
  4 wolf spiders (Vaults:1)
  2 shining eyes (Slime:1)
  3 oklob plants (Lair:6)
  3 cyclopes (Vaults:1)
  11 salamanders
  3 worldbinders (WizLab)
  The ghost of Sagrath01 the Magician, a novice OpFE of Gozag (D:6)
  9 guardian serpents
  36 black mambas
  An ice statue (IceCv)
  23 naga magi
  2 apocalypse crabs (WizLab)
  A smoke demon (WizLab)
  3 eyes of devastation (Slime:1)
  A gargoyle (D:14)
  14 elephants
  A demonspawn skeleton (WizLab)
  A centaur skeleton (D:12)
  16 spiny frogs
  7 yaktaurs
  2 rime drakes (D:12)
  3 komodo dragons
  4 kobold demonologists
  An ice devil (WizLab)
  5 polar bears
  10 freezing wraiths (IceCv)
  6 trolls
  3 tyrant leeches
  14 hornets
  A jumping spider (Vaults:1)
  A wolf spider simulacrum (Vaults:1)
  A queen bee (shapeshifter) (Vaults:1)
  5 two-headed ogres
  20 blink frogs
  9 bog bodies
  6 dream sheep (Lair:6)
  18 slime creatures
  12 hippogriffs
  An air elemental (WizLab)
  3 redbacks
  16 spriggans
  Sigmund (D:2)
  A hill giant zombie (D:12)
  4 wyverns
  A shadow (D:12)
  3 ynoxinuls (WizLab)
  A vampire (D:14)
  A water elemental (Elf:1)
  2 wraiths
  2 fire elementals (Elf:1)
  A golden eye (Slime:1)
  A hog (shapeshifter) (Vaults:1)
  19 humans
  37 yaks
  5 hogs
  A yak (shapeshifter) (Vaults:1)
  6 basilisks
  3 hungry ghosts
  19 vampire mosquitoes
  11 insubstantial wisps
  2 mottled dragons
  40 swamp worms
  44 nagas
  6 wargs
  A soldier ant (D:14)
  The ghost of somonday the Stinger, an amateur OpWz (D:4)
  2 spatial vortices (WizLab)
  17 water moccasins
  A torturous demonspawn skeleton (WizLab)
  Duvessa (D:7)
  9 porcupines
  11 swamp drakes
  52 orc warriors
  9 ice beasts
  4 phantoms
  7 black bears
  An alligator simulacrum (IceCv)
  A necrophage (D:6)
  2 sky beasts
  29 ogres
  2 eyes of draining (Slime:1)
  39 wolves
  6 centaurs
  8 boggarts
  8 crocodiles
  5 big kobolds
  15 bullfrogs
  A gnoll sergeant (D:6)
  An earth elemental (Elf:1)
  Dowan (D:6)
  8 scorpions
  2 wyvern zombies
  A troll zombie (D:12)
  11 killer bees (D:12)
  3 wights (D:6)
  2 swamp dragon simulacra (IceCv)
  12 electric eels
  3 howler monkeys
  11 crimson imps
  A lava snake (Lair:5)
  A bullfrog zombie (D:11)
  7 jellies
  5 centaur zombies
  2 draconian simulacra (IceCv)
  An iron imp (WizLab)
  9 hounds
  30 orc wizards
  34 orc priests
  Crazy Yiuf (D:3)
  4 bullfrog skeletons
  Terence (D:2)
  6 iguanas
  Natasha (twice) (D:2)
  5 polar bear simulacra (D:10)
  2 yak simulacra (D:10)
  3 spriggan simulacra (IceCv)
  4 troll simulacra (IceCv)
  11 worker ants
  A killer bee zombie (D:7)
  2 wolf simulacra
  4 ogre zombies (D:12)
  3 centaur simulacra (IceCv)
  2 hound skeletons
  4 worker ant zombies
  7 gnolls
  5 ogre simulacra (IceCv)
  20 adders
  3 naga simulacra (IceCv)
  5 shadow imps
  13 white imps
  An ufetubus (WizLab)
  17 oozes
  2 adder zombies
  4 adder skeletons
  17 worms
  6 dart slugs
  12 leopard geckos
  133 orcs
  9 ball pythons
  3 bats (D:2)
  4 giant cockroaches
  6 goblins
  8 hobgoblins
  10 jackals
  6 quokkas
  7 frilled lizards
  A goblin zombie (D:12)
  4 hobgoblin zombies (D:12)
  18 kobolds
  3 orc skeletons (D:12)
  11 orc zombies (D:12)
  6 rats
  3 river rat simulacra (D:10)
  A butterfly (Lair:2)
  A plant (Lair:5)
1574 creatures vanquished.

Vanquished Creatures (others)
  A hydra (Lair:2)
  A spriggan druid (Swamp:3)
  A deep elf archer (Vaults:1)
  A naga ritualist (Snake:4)
  2 cyclopes (Vaults:1)
  A guardian serpent (Snake:4)
  A black mamba (Snake:4)
  A tyrant leech (Swamp:1)
  2 spriggans (Swamp:3)
  3 humans (Snake:1)
  A swamp worm (Swamp:3)
  2 hounds (D:11)
  An adder (D:11)
  2 orcs
  4 briar patches (Swamp:4)
  4 fungi
  2 lurking horrors (WizLab)
  3 plants
33 creatures vanquished.

Grand Total: 1607 creatures vanquished

Notes
Turn   | Place    | Note
-------+----------+-------------------------------------------
     0 | D:1      | galech the Gargoyle Fighter began the quest for the Orb.
     0 | D:1      | Reached XP level 1. HP: 14/14 MP: 1/1
    67 | D:1      | Reached XP level 2. HP: 6/19 MP: 2/2
   491 | D:1      | Reached XP level 3. HP: 9/23 MP: 3/3
  1270 | D:2      | Reached XP level 4. HP: 25/29 MP: 4/4
  1367 | D:2      | Noticed Sigmund
  1393 | D:2      | Killed Sigmund
  1393 | D:2      | Reached skill level 1 in Stealth
  1393 | D:2      | Reached skill level 4 in Shields
  1393 | D:2      | Reached XP level 5. HP: 8/33 MP: 5/5
  1425 | D:2      | Reached XP level 6. HP: 14/38 MP: 6/6
  1840 | D:2      | Noticed Terence
  1862 | D:2      | Killed Terence
  1930 | D:2      | Found a faded altar of an unknown god.
  2084 | D:2      | Noticed Natasha
  2089 | D:2      | Killed Natasha
  2313 | D:2      | Noticed Natasha
  2330 | D:2      | Killed Natasha
  2768 | D:3      | Reached XP level 7. HP: 23/43 MP: 7/7
  3219 | D:3      | Found a runed door.
  3223 | D:3      | Noticed Crazy Yiuf
  3231 | D:3      | Killed Crazy Yiuf
  3231 | D:3      | Reached skill level 5 in Armour
  3231 | D:3      | Reached skill level 1 in Dodging
  3780 | D:4      | Reached skill level 5 in Shields
  3798 | D:4      | Reached skill level 5 in Maces & Flails
  3824 | D:4      | Noticed somonday's ghost (amateur OpWz)
  4155 | D:4      | Killed somonday's ghost
  4323 | D:4      | Reached XP level 8. HP: 43/48 MP: 8/8
  5188 | D:5      | Entered Level 5 of the Dungeon
  5255 | D:5      | Reached skill level 5 in Fighting
  5259 | D:5      | Reached skill level 6 in Shields
  5859 | D:5      | Got a jewelled mace
  5866 | D:5      | Identified the +7 mace of Fury {venom, Str+3 Stlth+} (You found it on level 5 of the Dungeon)
  5985 | D:6      | Reached XP level 9. HP: 54/54 MP: 9/9
  6020 | D:6      | Found a staircase to the Ecumenical Temple.
  6044 | Temple   | Entered the Ecumenical Temple
  6051 | Temple   | Became a worshipper of Warmaster Okawaru
  6127 | D:6      | Noticed Sagrath01's ghost (novice OpFE)
  6133 | D:6      | Killed Sagrath01's ghost
  6133 | D:6      | Reached skill level 7 in Shields
  6382 | D:6      | Reached * piety under Okawaru
  7310 | D:7      | Reached XP level 10. HP: 60/60 MP: 10/10
  7344 | D:7      | Reached skill level 8 in Shields
  7369 | D:7      | Noticed Duvessa
  7373 | D:7      | Noticed Dowan
  7405 | D:6      | Reached ** piety under Okawaru
  7410 | D:6      | Gained mutation: Your movements are slightly less encumbered by armour. (ER -2) [mutagenic meat]
  7411 | D:6      | Gained mutation: Your muscles are strong. (Str +2) [mutagenic meat]
  7613 | D:7      | Killed Duvessa
  7618 | D:6      | Killed Dowan
  7991 | D:7      | Identified a scroll of acquirement
  8099 | D:8      | Found Jusublal's Antique Armour Boutique.
  8108 | D:8      | Bought a pair of fine gloves for 171 gold pieces
  8118 | D:8      | Identified the +2 pair of gloves of Dim Light {rElec Int+5} (You bought it in a shop on level 8 of the Dungeon)
  8124 | D:8      | Reached *** piety under Okawaru
  8191 | D:8      | Reached skill level 10 in Maces & Flails
  8383 | D:8      | Reached skill level 9 in Shields
  8608 | D:8      | Reached **** piety under Okawaru
  8889 | D:9      | Noticed dscm's ghost (novice GrFi)
  8916 | D:9      | Killed dscm's ghost
  8916 | D:9      | Reached skill level 1 in Invocations
  8916 | D:9      | Reached XP level 11. HP: 57/67 MP: 9/12
  8984 | D:9      | Found Tatec's Distillery.
  9125 | D:9      | Noticed Gastronok
  9377 | D:9      | Killed Gastronok
  9377 | D:9      | Reached ***** piety under Okawaru
  9602 | D:9      | Got a translucent jade ring
  9603 | D:9      | Identified the ring of the Serpent {rElec rC++ rN+ Str-5 SInv} (You found it on level 9 of the Dungeon)
  9742 | D:10     | Entered Level 10 of the Dungeon
  9898 | D:10     | Reached skill level 10 in Armour
 10096 | D:10     | Noticed a necromancer
 10105 | D:10     | Killed a necromancer
 10174 | D:10     | Received a gift from Okawaru
 10178 | D:10     | Got a warped buckler {god gift}
 10200 | D:10     | Identified the +2 buckler "Cuyfiasa" {rElec rC- rN+} (Okawaru gifted it to you on level 10 of the Dungeon)
 10350 | D:10     | Noticed a catoblepas
 10383 | D:10     | Killed a catoblepas
 10383 | D:10     | Reached skill level 10 in Shields
 10940 | D:11     | Reached XP level 12. HP: 74/75 MP: 15/15
 11093 | D:11     | Found a staircase to the Lair.
 11386 | D:11     | Noticed a centaur warrior
 11410 | D:11     | Killed a centaur warrior
 12272 | D:11     | Reached skill level 5 in Invocations
 12835 | D:12     | Found Kappik's Antique Weapon Emporium.
 12838 | D:12     | Bought a brightly glowing great mace for 402 gold pieces
 12872 | D:12     | Found a frozen archway.
 12913 | IceCv    | Entered an ice cave
 13622 | IceCv    | Found an ancient bone altar of Kikubaaqudgha.
 14094 | IceCv    | Received a gift from Okawaru
 14131 | IceCv    | Reached skill level 11 in Shields
 14181 | IceCv    | Got a pitted platinum ring
 14190 | IceCv    | Identified the ring of Modesty {Ice rElec MR+ Slay+3} (You found it in an ice cave)
 14424 | D:12     | Noticed a six-headed hydra
 14432 | D:12     | Killed a six-headed hydra
 14495 | D:12     | Identified the +12 great mace "Natuts" {flame, -Tele Str+8} (You bought it in a shop on level 12 of the Dungeon)
 14572 | D:12     | Reached XP level 13. HP: 50/80 MP: 17/17
 14808 | D:12     | Found a staircase to the Orcish Mines.
 15108 | D:12     | Gained mutation: Your movements are less encumbered by armour. (ER -4) [mutagenic meat]
 15109 | D:12     | Gained mutation: You are agile. (Dex +2) [mutagenic meat]
 15175 | D:12     | Gained mutation: You are partially covered in yellow scales. (AC +2) [mutagenic meat]
 15176 | D:12     | Gained mutation: You have a pair of small horns on your head. [mutagenic meat]
 15354 | D:12     | Reached skill level 15 in Armour
 15546 | Orc:1    | Entered Level 1 of the Orcish Mines
 16206 | Orc:2    | Entered Level 2 of the Orcish Mines
 17452 | Orc:2    | Reached skill level 10 in Fighting
 17670 | Orc:2    | Received a gift from Okawaru
 17830 | Orc:2    | Found a roughly hewn altar of Beogh.
 17909 | Orc:2    | Reached ****** piety under Okawaru
 17953 | Orc:2    | Found Datrusod's General Store.
 17975 | Orc:2    | Bought a potion of heal wounds for 75 gold pieces
 17981 | Orc:2    | Found Coseso Rihu's Book Shop.
 18575 | Orc:2    | Found a staircase to the Elven Halls.
 18706 | Orc:2    | Noticed an orc warlord
 18724 | Orc:2    | Killed an orc warlord
 18833 | Orc:2    | Found a roughly hewn altar of Beogh.
 18906 | Orc:2    | Gained mutation: Your large and strong wings let you fly indefinitely. [Gargoyle growth]
 18906 | Orc:2    | Reached XP level 14. HP: 88/88 MP: 21/21
 19087 | Orc:2    | Found Puohol's Jewellery Shoppe.
 19410 | D:8      | Bought a bloodstained plate armour for 504 gold pieces
 19410 | D:8      | Bought a shiny plate armour for 522 gold pieces
 19422 | D:8      | Identified the +11 plate armour of Nuozifesm {Int+2 SInv} (You bought it in a shop on level 8 of the Dungeon)
 19579 | Lair:1   | Entered Level 1 of the Lair of Beasts
 20334 | Lair:1   | Got an ichor-stained mace
 20335 | Lair:1   | Identified the +5 mace of the King {holy, *Noise rN++ SInv} (You found it on level 1 of the Lair of Beasts)
 20442 | Lair:2   | Noticed Harold
 20448 | Lair:2   | Killed Harold
 20530 | Lair:2   | Found a staircase to the Swamp.
 21081 | Lair:3   | Received a gift from Okawaru
 22153 | Lair:4   | Found a staircase to the Snake Pit.
 22540 | Lair:5   | Received a gift from Okawaru
 22908 | Lair:6   | Entered Level 6 of the Lair of Beasts
 23039 | Lair:6   | Reached XP level 15. HP: 78/96 MP: 22/22
 23269 | Lair:6   | Received a gift from Okawaru
 23273 | Lair:6   | Reached skill level 15 in Maces & Flails
 23295 | Lair:6   | Got a crystal flail {god gift}
 23296 | Lair:6   | Identified the +11 flail "Kodobr Tutae" {protect, +Blink Dex+4} (Okawaru gifted it to you on level 6 of the Lair of Beasts)
 23459 | Lair:6   | Found a staircase to the Slime Pits.
 24643 | Swamp:1  | Entered Level 1 of the Swamp
 24655 | Swamp:1  | Received a gift from Okawaru
 24659 | Swamp:1  | Noticed Donald
 24711 | Lair:2   | Killed Donald
 24715 | Lair:2   | Reached skill level 12 in Shields
 25579 | Swamp:2  | Reached XP level 16. HP: 104/104 MP: 23/23
 25589 | Swamp:2  | Noticed a thorn hunter
 25604 | Swamp:2  | Killed a thorn hunter
 25612 | Swamp:2  | Received a gift from Okawaru
 25885 | Swamp:2  | Reached skill level 13 in Shields
 27105 | Swamp:3  | Received a gift from Okawaru
 27242 | Swamp:4  | Entered Level 4 of the Swamp
 27250 | Swamp:4  | Noticed a thorn hunter
 27621 | Swamp:4  | Noticed Trampli's ghost (adept HOFi)
 27725 | Swamp:4  | Killed Trampli's ghost
 27725 | Swamp:4  | Reached skill level 14 in Shields
 27908 | Swamp:4  | Noticed a thorn hunter
 27925 | Swamp:4  | Killed a thorn hunter
 28213 | Swamp:4  | Received a gift from Okawaru
 28257 | Swamp:4  | Killed a thorn hunter
 28431 | Swamp:4  | Reached skill level 10 in Invocations
 28431 | Swamp:4  | Reached XP level 17. HP: 69/111 MP: 17/24
 28477 | Swamp:4  | Reached skill level 5 in Dodging
 28506 | Swamp:4  | Got a decaying rune of Zot
 28761 | Snake:1  | Entered Level 1 of the Snake Pit
 28781 | Snake:1  | Noticed Kirke
 28791 | Snake:1  | Reached skill level 15 in Shields
 28802 | Snake:1  | Killed Kirke
 29061 | Snake:1  | Got an iridescent bardiche {chop}
 29712 | Snake:2  | Noticed Aizul
 29729 | Snake:2  | Killed Aizul
 29814 | Snake:2  | Received a gift from Okawaru
 29822 | Snake:2  | Got a brightly glowing shield {god gift}
 29833 | Snake:2  | Identified the -7 shield of Paupexycwi {rN+++ Str+5 Dex-4} (Okawaru gifted it to you on level 2 of the Snake Pit)
 30242 | Snake:2  | Reached skill level 16 in Shields
 30264 | Snake:3  | Found Ibusioqi's Food Emporium.
 30285 | Snake:3  | Bought a beef jerky for 19 gold pieces
 30285 | Snake:3  | Bought a beef jerky for 19 gold pieces
 30285 | Snake:3  | Bought a beef jerky for 19 gold pieces
 30285 | Snake:3  | Bought a beef jerky for 19 gold pieces
 31321 | Snake:4  | Entered Level 4 of the Snake Pit
 31341 | Snake:4  | Noticed Vashnia
 31459 | Snake:4  | Reached skill level 15 in Fighting
 31472 | Snake:4  | Reached XP level 18. HP: 105/119 MP: 19/25
 31515 | Snake:4  | Reached skill level 17 in Shields
 31526 | Snake:4  | Killed Vashnia
 31526 | Snake:4  | Received a gift from Okawaru
 32410 | Snake:4  | Reached skill level 18 in Shields
 32619 | Snake:4  | Received a gift from Okawaru
 33199 | Snake:4  | Got a serpentine rune of Zot
 33441 | Snake:4  | Received a gift from Okawaru
 33441 | Snake:4  | Reached XP level 19. HP: 115/125 MP: 26/26
 33482 | Snake:4  | Reached skill level 19 in Shields
 33792 | Snake:4  | Got a brightly glowing cloak {god gift}
 33804 | Snake:4  | Identified the +1 cloak of the Tundras {+Blink Str-3 SInv} (Okawaru gifted it to you on level 4 of the Snake Pit)
 35052 | D:13     | Found a basalt altar of Yredelemnul.
 35910 | D:14     | Found a gate to the Vaults.
 35974 | Vaults:1 | Entered Level 1 of the Vaults
 36056 | Vaults:1 | Cast into level 2 of the Abyss (a wizard)
 36081 | Vaults:1 | Escaped the Abyss
 36180 | Vaults:1 | Received a gift from Okawaru
 36573 | Vaults:1 | Reached skill level 20 in Shields
 37036 | Vaults:1 | Gained mutation: You are very agile. (Dex +4) [mutagenic meat]
 37039 | Vaults:1 | Gained mutation: You are somewhat resistant to further mutation. [mutagenic meat]
 37078 | Vaults:1 | Received a gift from Okawaru
 37402 | Vaults:1 | Gained mutation: You can translocate small distances at will. [potion of mutation]
 37403 | Vaults:1 | Lost mutation: You are very agile. (Dex +4) [potion of mutation]
 37564 | Vaults:1 | Reached XP level 20. HP: 98/132 MP: 27/27
 38178 | Elf:1    | Entered Level 1 of the Elven Halls
 38271 | Elf:1    | Found a magical portal.
 38276 | WizLab   | Entered The Roulette of Golubria
 38278 | WizLab   | Found a corrupted altar of Lugonu.
 38424 | WizLab   | Found a corrupted altar of Lugonu.
 38797 | WizLab   | Found a corrupted altar of Lugonu.
 39066 | WizLab   | Got a smoking cloak
 39077 | WizLab   | Identified the -3 cloak "Docly" {MR+} (You found it in a wizard's laboratory)
 39099 | WizLab   | Got a bloodstained cloak
 39105 | WizLab   | Got a faintly glowing cloak
 39116 | WizLab   | Identified the cursed +0 cloak of the Sky {+Inv Int+4} (You found it in a wizard's laboratory)
 39127 | WizLab   | Identified the +3 cloak "Bofannune" {Int+2 Dex+3} (You found it in a wizard's laboratory)
 39129 | WizLab   | Got a steaming cloak
 39140 | WizLab   | Identified the +2 cloak of the Stag {rElec rF+} (You found it in a wizard's laboratory)
 39439 | WizLab   | Identified Golubria's Papyrus of the Compass
 39827 | Elf:1    | Noticed Roxanne
 39847 | Elf:1    | Killed Roxanne
 39847 | Elf:1    | Received a gift from Okawaru
 39848 | Elf:1    | Identified Roxanne's Volume of Moulding (You took it off Roxanne on level 1 of the Elven Halls)
 39872 | Elf:1    | Reached skill level 21 in Shields
 40256 | Elf:1    | Got a dazzling chain mail
 40267 | Elf:1    | Identified the +2 chain mail "Baocvav" {rCorr Int+2} (You found it on level 1 of the Elven Halls)
 40998 | Slime:1  | Entered Level 1 of the Pits of Slime
 41373 | Slime:1  | Gained mutation: Scrolls take you a little longer to read. [a shining eye]
 41377 | Slime:1  | Gained mutation: You expend magic power (3 MP) to strengthen your wands. [a shining eye]
 42063 | Slime:1  | Mangled by an enormous slime creature

Skill      XL: |  1  2  3  4  5  6  7  8  9 10 11 12 13 14 15 16 17 18 19 20 |
---------------+-------------------------------------------------------------+-----
Armour         | 4 5 6 8 11 14 16 17 18 | 18.0
Fighting       | 4 5 7 8 9 10 11 13 14 15 16 | 16.9
Maces & Flails | 3 4 5 7 9 10 11 12 14 15 16 17 | 17.9
Stealth        | 1 2 3 4 |  4.3
Shields        | 4 5 6 7 9 10 11 12 14 16 18 20 21 | 21.2
Dodging        | 1 2 3 4 5 |  5.6
Invocations    | 1 4 6 9 10 | 10.4
Unarmed Combat | |  0.4

Action                   |  1- 3 |  4- 6 |  7- 9 | 10-12 | 13-15 | 16-18 | 19-21 || total
-------------------------+-------+-------+-------+-------+-------+-------+-------++-------
Melee: Flail             |   119 |   210 |   401 |       |   430 |  1648 |  1242 ||  4050
       Mace              |       |       |   169 |  1013 |       |       |       ||  1182
       Great mace        |       |       |       |    34 |   777 |       |       ||   811
       Headbutt          |       |       |       |       |   275 |   535 |   424 ||  1234
       Unarmed           |       |       |       |       |       |       |    12 ||    12
Invok: Heroism           |       |       |       |    10 |     5 |     8 |     4 ||    27
       Finesse           |       |       |       |     4 |     3 |     8 |     3 ||    18
 Abil: Stop Flying       |       |       |       |       |     1 |       |       ||     1
       Evoke Flight      |       |       |       |       |     1 |       |       ||     1
       Blink             |       |       |       |       |       |       |     1 ||     1
       Evoke Blink       |       |       |       |       |       |       |     1 ||     1
Evoke: Wand              |       |       |       |       |       |       |     3 ||     3
  Use: Scroll            |       |       |     8 |     4 |     5 |     7 |     9 ||    33
       Potion            |       |       |       |       |       |       |     3 ||     3
 Stab: Sleeping          |       |       |     3 |       |       |       |       ||     3
       Petrified         |       |       |       |       |       |       |    10 ||    10
       Paralysed         |       |       |       |       |       |       |     2 ||     2
       Petrifying        |       |       |       |       |       |       |     1 ||     1
  Eat: Chunk             |     1 |     5 |    16 |    21 |    38 |    16 |    23 ||   120
       Bread ration      |       |       |       |     2 |     1 |     3 |     3 ||     9
Armor: Scale mail        |    55 |    39 |       |       |       |       |       ||    94
       Ring mail         |       |    61 |   201 |    14 |       |       |       ||   276
       Plate armour      |       |       |       |   448 |   843 |   848 |   353 ||  2492
       Chain mail        |       |       |       |       |       |       |    47 ||    47
Dodge: Dodged            |    32 |    67 |   182 |   204 |   671 |   437 |   220 ||  1813
Block: Shield            |    56 |   130 |   252 |       |       |       |       ||   438
       Large shield      |       |       |    43 |   824 |   432 |  1831 |  1280 ||  4410
       Reflection        |       |       |       |       |       |       |    67 ||    67
